 Dungeon Crawl Stone Soup version 0.14-a0-1773-ge500af7 (webtiles) character file.

322 ReteAZ the Cleaver (level 5, 0/45 HPs)
             Began as a Hill Orc Berserker on Jan 7, 2014.
             Was an Elder of Trog.
             Killed by divine providence
             ... invoked by an orc priest
              (13 damage)
             ... on Level 4 of the Dungeon.
             The game lasted 00:06:58 (2734 turns).

ReteAZ the Cleaver (Hill Orc Berserker)             Turns: 2734, Time: 00:06:58

HP   0/45        AC  9     Str 21      XL: 5   Next: 51%
MP   5/5         EV 10     Int  7      God: Trog [****..]
Gold 152         SH  0     Dex 10      Spells:  0 memorised,  4 levels left

rFire  . . .     SeeInvis .     D - +2,+3 orc war axe
rCold  . . .     Clarity  .     C - +0 chain mail
rNeg   + . .     Conserve .     (no shield)
rPois  .         rCorr    .     (no helmet)
rElec  .         rRot     .     (no cloak)
SustAb . .       Spirit   .     (no gloves)
rMut   .         Warding  .     q - +0 pair of boots
Saprov + . .     Stasis   .     (no amulet)
                                s - +3 ring of evasion
                                l - ring of positive energy {unknown}

@: mildly poisoned, slightly resistant to hostile enchantments, extremely
unstealthy
A: saprovore 1
a: Burn Spellbooks, Berserk, Trog's Hand, Brothers in Arms, Renounce Religion,
Convert to Beogh


You were on level 4 of the Dungeon.
You worshipped Trog.
Trog was greatly pleased with you.
You were not hungry.

You visited 1 branch of the dungeon, and saw 4 of its levels.

You collected 152 gold pieces.

Inventory:

Hand weapons
 D - a +2,+3 orcish war axe (weapon)
Missiles
 m - a dart
 y - 14 darts of flame (quivered)
Armour
 q - a +0 pair of boots (worn)
 C - a +0 chain mail (worn)
Comestibles
 a - a pear
 c - 2 meat rations
 k - 3 bread rations
 r - a slice of pizza
 u - a chunk of orc flesh
 v - 4 rambutans
 z - an orange
 A - a cheese
Scrolls
 e - a scroll of enchant weapon I {unknown}
 f - 2 scrolls of curse weapon {unknown}
 h - 2 scrolls of blinking {unknown}
 n - a scroll of remove curse {unknown}
 o - 3 scrolls of teleportation
 p - 2 scrolls of identify {unknown}
 x - a scroll of magic mapping {unknown}
 B - a scroll of fog {unknown}
Jewellery
 l - a ring of positive energy (left hand) {unknown}
 s - a +3 ring of evasion (right hand)
Potions
 b - a potion of degeneration {unknown}
 d - a potion of restore abilities {unknown}
 g - a potion of brilliance {unknown}
 i - a potion of resistance {unknown}
 j - 4 potions of curing
 t - a potion of might
 w - a potion of cure mutation {unknown}


   Skills:
 - Level 3.6 Fighting
 + Level 8.0 Axes
 - Level 2.1 Armour
 - Level 1.5 Dodging


You had 4 spell levels left.
You didn't know any spells.

Dungeon Overview and Level Annotations

Branches:
Dungeon (4/16)             Temple (0/1) D:4

Altars:
Xom


Innate Abilities, Weirdness & Mutations

You can tolerate rotten meat.


Message History

Something smites you!
* * * LOW HITPOINT WARNING * * *
The orc priest shouts, "Beogh is our master!
Accept the truth or die!"
Drink which item? (? for menu, Esc to quit)
Okay, then.
The orc barely misses you.
You slash the orc!
You kill the orc!
Trog accepts your kill.
Your Axes skill increases to level 8!
Things that are here:
a glowing orcish trident; an orcish leather armour; an orc corpse You see here an adder corpse.
The orc priest utters an invocation to Beogh.
You feel a wave of unholy energy pass over you.
There is an open door here.
The orc priest glows brightly for a moment.
The orc priest calls down the wrath of Beogh upon you.
Something smites you!
You die...

######### #.......#
#.......### #.........####
#######
#...##....)..####.......#
#...##.......##....o..#
#...##.......##.#.ยงยง..#
#####...##......@##)#.....#
).......++.......'%....oo...
#####...##.......#.#...#####
######.......#.#####
######## #.......#.#
.......# #########.#
######.#### #.# #.......#
#>. #.......# #.#


You could see 2 orc priests.

Vanquished Creatures
  An orc priest (D:4)
  A gnoll (D:1)
  2 adders (D:4)
  A giant mite (D:4)
  A worm (D:4)
  3 giant geckos
  10 orcs
  9 bats
  7 goblins
  9 hobgoblins
  12 jackals
  2 quokkas
  A giant cockroach (D:1)
  3 giant newts
  9 kobolds
  11 rats
82 creatures vanquished.

Notes
Turn   | Place    | Note
--------------------------------------------------------------
     0 | D:1      | ReteAZ, the Hill Orc Berserker, began the quest for the Orb.
     0 | D:1      | Reached XP level 1. HP: 19/19 MP: 1/1
    80 | D:1      | Reached XP level 2. HP: 21/26 MP: 2/2
   292 | D:1      | Reached skill level 5 in Axes
   301 | D:1      | Acquired Trog's second power
   438 | D:1      | Reached XP level 3. HP: 25/31 MP: 3/3
   627 | D:1      | Found a shimmering altar of Xom.
   844 | D:2      | Reached skill level 6 in Axes
   918 | D:2      | Reached XP level 4. HP: 32/39 MP: 4/4
  2348 | D:4      | Reached skill level 7 in Axes
  2396 | D:4      | Reached XP level 5. HP: 45/45 MP: 5/5
  2401 | D:4      | Acquired Trog's third power
  2723 | D:4      | Found a staircase to the Ecumenical Temple.
  2730 | D:4      | Reached skill level 8 in Axes
  2734 | D:4      | Killed from afar by an orc priest

Action                   |  1- 3 |  4- 6 || total
-------------------------+-------+-------++-------
Melee: Hand axe          |    91 |    32 ||   123
       Whip              |    11 |       ||    11
       War axe           |       |    78 ||    78
  Use: Potion            |     1 |       ||     1
       Scroll            |       |     3 ||     3
